[Event "44th Chess Olympiad Open 2022"]
[Site "Chennai"]
[Date "2022.07.29"]
[Round "1.64"]
[White "Kantans, Toms"]
[Black "Moncur, Cecil"]
[Result "1-0"]
[WhiteElo "2486"]
[BlackElo "1815"]
[Annotator "TA"]
[PlyCount "81"]
[EventDate "2022.??.??"]
[TimeControl "60"]

1. e4 c5 2. Nf3 e6 3. g3 g6 4. Bg2 Bg7 5. d4 cxd4 6. Nxd4 Ne7 7. O-O O-O 8. Nc3 d5 9. exd5 Nxd5 10. Nxd5 exd5 11. c3 Nc6 12. Be3 Nxd4 {
[%emt 0:02:56] B26: Closed Sicilian: 3 g3, lines with early Be3.} 13. Bxd4 Be6 {[%emt 0:00:12] [#]} 14. Re1 $146 ({
Predecessor:} 14. Qb3 Bxd4 15. cxd4 b6 16. Rac1 Qd7 17. Rc3 Rac8 18. Rfc1 Rc4
19. Qd1 Rfc8 20. Bf1 Rxc3 21. Rxc3 {½-½ (69) Wen,G-Zhou,Y Beijing 1975})
14... Bxd4 {[%emt 0:05:49] White is better.} 15. Qxd4 (15.
cxd4 $6 Qa5 $11) 15... Qb6 16. Qxb6 {[%emt 0:02:31] White is
more active.} axb6 17. a3 Rfc8 18. Rad1 Rc5 19. Rd4 b5 20. Red1 Rd8 21.
g4 h6 22. Bf1 Kg7 23. Kg2 Ra8 24. Kg3 Ra4 25. Rb4 Bd7 26. Be2 Be6 27. f4 Ra5 28. Rd2 Kf6 29. Bd1 Rc4 30. Bf3 Rc5 (30... Rxb4 $16
31. axb4 (31. cxb4 Ra6 $16) 31... Ra8) 31. Kf2 Ke7 32. Ke3 Kd6 33. Rbd4 f5 (33... f6 $142 34. f5 gxf5) 34. gxf5 $18 gxf5 35. Rg2 Ra4 36. Be2 Ra8 37. Rg6 Rg8 38. Rxh6 Rg1 39. Rb4 Re1 40. Kf2 Rb1 (40... Rc1 $142 41. Bxb5 (41. Rxb5 Rxb5 42. Bxb5 Rc2+ 43. Ke3 Rxb2 $18) 41...
Ke7) 41. Bxb5 {[%emt 0:31:00] Weighted Error Value: White=0.04 (flawless) /
Black=0.19 (very precise)} 1-0

[Event "44th Chess Olympiad Open 2022"]
[Site "Chennai"]
[Date "2022.07.29"]
[Round "1.64"]
[White "Golubovskis, Maksims"]
[Black "Lockhart, Kenville"]
[Result "1-0"]
[WhiteElo "2219"]
[BlackElo "1551"]
[Annotator "NA RC"]
[PlyCount "57"]
[EventDate "2022.??.??"]
[TimeControl "60"]

1. e4 d5 2. exd5 Qxd5 3. Nc3 Qa5 4. d4 c6 5. Nf3 Bf5 6. Bc4 e6 7. O-O Nd7 8. Bd2 Ngf6 9. d5 Qc5 10. dxe6 Qxc4 11. exd7+ Nxd7 12. Re1+ Be7 13. b3 Qc5 14. Qe2 Be6 15. Ne4 Qh5 16. Ng3 Qg6 17. Nd4 Nf8 18. Ndf5 Qf6 19. Nh5 Qg6 20. Nhxg7+ Kd8 21. Rad1 Nd7 22. Nxe6+ fxe6 23. Nxe7 Kxe7 24. Bg5+ Qxg5 25. Qxe6+ Kf8 26.
Rxd7 Qg6 27. Qe7+ Kg8 28. Re6 Qg4 29. Qf7# 1-0

[Event "44th Chess Olympiad Open 2022"]
[Site "Chennai"]
[Date "2022.07.29"]
[Round "1.64"]
[White "Knowles, Kendrick"]
[Black "Reimanis, Ritvars"]
[Result "0-1"]
[WhiteElo "1907"]
[BlackElo "2377"]
[Annotator "TA"]
[PlyCount "86"]
[EventDate "2022.??.??"]
[TimeControl "60"]

1. Nf3 c5 2. g3 Nc6 3. Bg2 e5 4. d3 g6 5. Nc3 Bg7 6. Bg5 {[%emt 0:01:49] A04: Unusual lines after 1 Nf3 and
King's Indian Attack.} f6 {[%emt 0:00:23] [#]} 7. Bc1 $146 ({
Predecessor:} 7. Bd2 Nge7 8. e4 d6 9. Qc1 h6 10. O-O Be6 11. a3 Qd7 12. Re1 g5
13. b4 {0-1 (36) Milovic,J (2307)-Kalezic,B (2447) Niksic 2016}) 7... Nge7 8. e4 {[%emt 0:00:37] Black has an edge.} d6 9. b3 b5 10. O-O Rb8 11. a4 (11. Nd5 $11) 11... b4 $17 12. Ne2 f5 13. Bb2 (13. Nh4 $15) 13... fxe4 14. dxe4 O-O 15. Qd3 Kh8 16. Nd2 Nd4 17. Bxd4 (17. Nxd4 $15
cxd4 18. f4) 17... cxd4 {[%emt 0:01:57] Black continues to play with
concentration.} 18. Nc4 (18. f4 $142) 18... Ba6 19. Bh3 d5 20. exd5 Qxd5 21. Bg2 {[%emt 0:02:28] [#] Inhibits e4.} Qc5 22. f4 (22. Rae1 $17) 22... Nf5 $19 23. fxe5 Rfe8 24. Rxf5 $2 (
24. Rac1) 24... gxf5 25. Qxd4 Qxd4+ {[%emt 0:
00:00] [#] Remove Defender} 26. Nxd4 Bxc4 27.
Nc6 Be6 28. Rd1 (28. Nxb8 {
was the only chance.} Rxb8 29. Rd1) 28... Rbc8 {[%emt 0:00:14] Black is
clearly winning.} 29. Nxb4 Bxe5 30. Nc6 Bc7 31. a5 a6 32. c4 f4 33. Rd4 fxg3 34. hxg3 Bxg3 35. b4 Bf5 36. Bd5 Bh3 37. Rd1 Re3 38. Nd4 Rce8 {[%emt 0:00:44] ( -> ...Re1+)} 39. Nf3 {[%emt 0:00:11]
Against Re1+} Bg4 40. Kg2 Bxf3+ 41. Bxf3 Be1 42. Bd5 Bxb4 43. Ra1 Ra3 {[%emt 0:00:22] Weighted
Error Value: White=0.85/Black=0.17 (very precise)} 0-1

[Event "44th Chess Olympiad Open 2022"]
[Site "Chennai"]
[Date "2022.07.29"]
[Round "1.64"]
[White "Albury, Noah"]
[Black "Ungurs, Edgars"]
[Result "0-1"]
[WhiteElo "1324"]
[BlackElo "2206"]
[Annotator "RC"]
[PlyCount "56"]
[EventDate "2022.??.??"]
[TimeControl "60"]

1. e4 c6 2. d4 d5 3. exd5 cxd5 4. Nf3 Nc6 5. Bd3 Bg4 6. c3 e6 7. Bf4 Bd6 8. Bxd6 Qxd6 9. h3 Bh5 10. Nbd2 Nge7 11. O-O Bg6 12. Qc2 Rc8 13. Rfe1 O-O 14. Bxg6 Nxg6 15. Nf1 b5 16. Qe2 b4 17. Ne5 bxc3 18. bxc3 Ncxe5 19. dxe5 Qa3 20. Nd2 Qxc3 21. Nf3 Qa3 22. Qe3 Rc3 23. Qg5 Rfc8 24. Reb1 h6 25. Qd2 Rc2 26. Qb4 Rc1+ 27. Rxc1 Rc5 28. Rc2 Rxc2 0-1

[Event "44th Chess Olympiad Open 2022"]
[Site "Chennai"]
[Date "2022.07.29"]
[Round "1.65"]
[White "Zia, Tahsin Tajwar"]
[Black "Njau, Albert"]
[Result "1-0"]
[WhiteElo "2307"]
[BlackElo "1842"]
[Annotator "TA"]
[PlyCount "49"]
[EventDate "2022.??.??"]
[TimeControl "60"]

1. d4 d5 2. Nf3 Nf6 3. c4 e6 4. g3 Be7 5. Bg2 O-O 6. O-O c5 7. cxd5 Nxd5 8. e4 Nb4 {[%emt 0:05:13]
E06: Closed Catalan: Early deviations.} (8... Nb6 $11) 9. a3 $16 Qa5 {[%emt 0:03:29] [#]} ({Better is} 9... N4c6) 10. d5 $146 ({Predecessor:} 10. dxc5 Rd8 11. Bd2 N8c6 12. Qb3 Bxc5 13. axb4 Qb6 14.
Na3 Nxb4 15. Nc4 {1-0 (15) Aloma Vidal,R (2416)-Krokay,U (1926) Caleta 2014})
10... exd5 {[%emt 0:14:27] White is better.} 11. exd5 Qa6 {
[%emt 0:00:28] [#]} (11... Bf5 $16 {is a better defense.}) 12. Nc3 (12. Ne1 $1 $18) 12... Bf5 $2 {[%emt 0:07:13] [#] This move loses the
game for Black.} ({Black should play} 12... Nd3 $14) 13. Bg5 $1 $18 Nc2 $2 (13... Bxg5 {was called for.} 14. axb4 (14.
Nxg5 Nd3 $11) 14... Qg6 15. Nxg5 Qxg5 16. bxc5 a5) 14. Bxe7 {[%emt 0:00:00]
White is clearly winning.} Re8 {[%emt 0:00:30] [#]} 15. d6 $1 Nxa1 16. Qxa1 Be6 (16... Nc6
$142 17. Nd5 Rab8) 17. Ng5 {[%emt 0:03:57] And now Qb1 would win.} Nc6 18. Nxe6 fxe6 19. Bg5 h6 20. d7 Rf8 21. Bxc6 hxg5 (21... Qxc6 $142 22. Be7 Qxd7
) 22. Be4 {[%emt 0:00:46] Qd1 is the strong threat.} g4 23.
Qd1 Rad8 24. Qxg4 Rxd7 25. Qh5 {[%emt 0:00:30] Weighted Error Value: White=0.56/
Black=1.04} 1-0

[Event "44th Chess Olympiad Open 2022"]
[Site "Chennai"]
[Date "2022.07.29"]
[Round "1.65"]
[White "Mehdi Hasan Parag"]
[Black "Veer Gandhi"]
[Result "1-0"]
[WhiteElo "2227"]
[BlackElo "1545"]
[Annotator "RC"]
[PlyCount "139"]
[EventDate "2022.??.??"]
[TimeControl "60"]

1. e4 e5 2. Nf3 Nc6 3. Bb5 Nf6 4. d3 Bc5 5. c3 d6 6. O-O Bd7 7. a4 a6 8. Bc4 h6 9. Nbd2 Qe7 10. Re1 Bg4 11. Nf1 Be6 12. Ng3 Bxc4 13.
dxc4 a5 14. Bd2 g6 15. Qc1 Ng4 16. Re2 h5 17. h3 Nf6 18. Bg5 Qe6 19. b3 Nb8 20. Rb1 Nbd7 21. Nf1 Bb6 22. Qc2 Bc5 23. Ne3 c6 24. b4 Bb6 25. c5 dxc5 26. bxc5 Bxc5 27. Rxb7 O-O 28. Qd3 Rfb8 29. Reb2 Rxb7 30. Rxb7 Ra7 31. Rb2 Bf8 32. Nc4 Nc5 33. Qd8 Nfxe4 34. Ncxe5 Qd5 35. Rb8 Qxd8 36. Bxd8 Rb7 37. Ra8 Kg7 38. g4 hxg4 39. hxg4 Rb1+ 40. Kg2 Rb7 41. Nxc6 Nxc3 42. g5 N3e4 43. Bf6+ Nxf6 44. gxf6+ Kxf6 45. Rxf8 Rc7 46. Nxa5 Ra7 47. Nc6 Rc7 48. Nb4 Ra7 49. Nd5+ Kg7 50. Rc8 Nxa4 51. Ne5 Ra5 52. Rd8 Nb6 53. Nxb6 Rxe5 54. Nd5 Re6 55. Kf3 Ra6 56. Rd7 Ra4 57. Nc7 Ra3+ 58. Ke4 Ra2 59. f3 Re2+ 60. Kf4 Re1 61. Nb5 Re6 62. Nd6 Rf6+ 63. Ke4 Re6+ 64. Kd5 Re1 65. Rxf7+ Kg8 66. Ra7 Re3 67. f4 Re1 68. Ne4 Re2 69. Nf6+ Kh8 70. Rh7# 1-0

[Event "44th Chess Olympiad Open 2022"]
[Site "Chennai"]
[Date "2022.07.29"]
[Round "1.65"]
[White "Mlawa, Hemed"]
[Black "Hossain, Enamul"]
[Result "0-1"]
[WhiteElo "1896"]
[BlackElo "2377"]
[Annotator "ChessBase"]
[PlyCount "40"]
[EventDate "2022.??.??"]
[TimeControl "60"]

1. d4 Nf6 2. Bf4 g6 3. Nc3 Bg7 4. e4 d6 5. Qd2 c6 6. O-O-O b5 7. f3 Nbd7 8. Bh6 Bxh6 9. Qxh6 b4 10. Nb1 Qa5 11. Bc4 d5 12. exd5 cxd5 13.
Bb3 Qb5 14. a4 bxa3 15. Nxa3 Qc6 16. Ne2 a5 17. Nc3 a4 18. Bxa4 Rxa4 19. Nxa4 Qxa4 20. Rhe1 e6 0-1

[Event "44th Chess Olympiad Open 2022"]
[Site "Chennai"]
[Date "2022.07.29"]
[Round "1.65"]
[White "Charles, Cleophas"]
[Black "Murshed, Niaz"]
[Result "0-1"]
[WhiteElo "1593"]
[BlackElo "2413"]
[Annotator "TA"]
[PlyCount "118"]
[EventDate "2022.??.??"]
[TimeControl "60"]

1. e4 c5 2. Nf3 Nc6 3. d4 cxd4 4. Nxd4 Qc7 5. Be3 e6 6. Be2 {[%emt 0:04:38] B44: Sicilian:
Taimanov: 5 Nb5.} Nf6 7. Bf3 a6 8. Nd2 {[%emt 0:07:53] The position is equal.} Ne5 9. O-O h5 10. h3 {[%emt 0:21:17] [#] Inhibits Neg4.}
Neg4 $1 11. hxg4 (11. Bxg4 hxg4 12. f4 gxh3
13. gxh3 Rxh3 $19) (11. Re1 Qh2+) 11... hxg4 12. g3 gxf3 13. N4xf3 {[%emt 0:02:51]
[#]} b6 $146 ({Predecessor:} 13... b5 14. Bf4 Qc5 15. e5 Nd5
16. Nb3 Qc4 17. Qd2 Nxf4 18. gxf4 Qe4 19. Nh2 g5 {0-1 (35) Hajdu,B-Toth,S
Nyiregyhaza 1994}) 14. Bf4 d6 15. e5 $2 {
[%emt 0:06:44] [#]} (15. Re1 $17) 15... dxe5 $1 $19 16. Bxe5 Qc6 17. Bxf6 gxf6 18. Nh4 {[%emt 0:01:19] [#]} Rxh4 $1 19. gxh4 Bb7 20. f3 O-O-O 21. Qe2 Bc5+ ({
Don't go for} 21... Qxc2 $2 22. Rfc1 Bc5+ 23. Kf1 $19) 22. Kh1 f5 {[%emt 0:03:04] Against Ne4} (22... Rh8 $19 23. Kg2 Qd6) 23. Rad1 $2 (23. Nb3 $17) 23... Rh8 24. Qc4 (24. Kg2 Rg8+ 25. Kh3 (25. Kh1 $2 Rg4 $19)) 24... b5 $2 (
24... Qc7 {( -> ...Qg3)} 25. b4 Bd5 26. bxc5 Bxc4) 25. Qf4 {[%emt 0:01:01] [#]}
Be7 {[%emt 0:00:48] This bishop pair is nice.} (25... Bd6 $142 $1 26. Qg5 (26. Qd4 $2 e5 $19) 26... Qc7) 26. Qe5 Rxh4+ 27. Kg2 Bd6 28. Qc3 Rh2+ 29. Kg1 Qxc3 {
[%emt 0:00:01] The board is on fire.} 30. bxc3 Re2
{[%emt 0:00:11] Against Ne4.0x0.002089429788dp-1022s more active pieces.} (
30... Kc7 $17 {And now ...Bd5 would win.} 31. c4 Bf4) 31. Rfe1 $15 Bc5+ (31... Rxe1+ $15 32. Rxe1 Bf4) 32. Kh1 $11 Rxd2 33. Rxd2 {[%emt 0:00:31] Strongly threatening
Rd3.} Bxf3+ 34. Kh2 Kc7 35.
Ra1 Bc6 36. Kg3 e5 37. Rh2 f4+ 38. Kg4 Bd7+ 39. Kf3 Bc6+ 40. Kg4 f3 41. Rh7 Bd5 42. Rf1 {[%emt 0:00:44] White is now going downhill.} (42. Rh5 $11 {
and White has nothing to worry.}) 42... f2 $19 43. Kg3 (43. Rh2 $142 Bxa2 44. Kf5) 43... Bxa2 {[%emt 0:00:00] White
must now prevent ...Bc4.} 44. Rxf2 $2 (44. Rh5) 44... Bxf2+ 45. Kxf2 {[%emt 0:00:00] Endgame KR-KB} a5 46. Rh6 Be6 47. Ke3 a4 {[%emt 0:00:00] ...a3 is the strong threat.} 48.
Ke4 (48. c4 $142 b4 49. Rh5) 48... Kd6 49.
Rh8 f5+ 50. Kd3 Bc4+ 51. Ke3 a3 52. Rd8+ Kc7 53. Rd1 a2 54. Kd2 f4 55. Ke1 e4 56. Kf2 Kb6 57. Ke1 e3 {[%emt 0:00:00] Black mates.} 58.
Rd6+ Ka5 59. Rd1 f3 {
[%emt 0:00:00] Weighted Error Value: White=1.01/Black=0.29 (precise)} 0-1

[Event "44th Chess Olympiad Open 2022"]
[Site "Chennai"]
[Date "2022.07.29"]
[Round "1.66"]
[White "Matamoros Franco, Carlos S."]
[Black "Depaune, Ricko"]
[Result "1-0"]
[WhiteElo "2459"]
[BlackElo "1726"]
[Annotator "TA"]
[PlyCount "79"]
[EventDate "2022.??.??"]
[TimeControl "60"]

1. Nf3 e6 2. g3 Nf6 3. Bg2 d5 4. O-O Bd6 5. d4 h6 6. c4 {[%emt 0:00:12] A07: Réti Opening: New York
and Capablanca Systems.} dxc4 (6... O-O $14) 7. Nbd2 $16 {
[%emt 0:10:10] [#]} Nbd7 $146 ({Predecessor:} 7... O-O 8. Nxc4
Nc6 9. b3 Re8 10. Bb2 Rb8 11. Rc1 Ne7 12. Nfe5 Ned5 13. e4 Nb6 14. Nxf7 Kxf7
15. e5 Bxe5 16. dxe5 {1-0 (24) Thomzik,D-Lautenbach,W freechess.de 2021}) 8.
Nxc4 {[%emt 0:00:22] White is better.} Nb6 9. Nce5 O-O 10. Qc2 Bd7 11.
Bd2 Rc8 12. Nxd7 {[%emt 0:12:02] White is
much more active. The black rooks are badly placed.} Nbxd7 {[%emt 0:01:00] [#]}
13. b4 $1 {[%emt 0:05:01] Prevents c5.} c6 14. Rab1 b5 15. e4 e5 16.
dxe5 Bxe5 17. Be3 Qc7 18. Bh3 {[%emt 0:03:08] Inhibits Ng4.} Rfe8 19. Rfd1 Rcd8 20. Rdc1 ({
Better is} 20. Rbc1) 20... Nb8 (20... Nb6 $142) 21. Nxe5 (21. a4 $142) 21... Qxe5 22. Bxa7 {[%emt 0:00:
00] Bb6 is the strong threat.} Qh5 23. Bg2 ({
Much less strong is} 23. Bf5 $6 g6 24. Qc3 Nbd7 25. Bxd7 Nxd7 $11) 23... Ng4 24. h3 Ne5 25. Bxb8 (25. Rd1 $142) 25... Rxb8 26. Qd1 (
26. f4 $16 Nc4 27. Rb3) 26... Qg6 $11 27. Qe2 Rbd8 (27... Ra8 $14) 28. Rd1 $16 Qe6 29. a3 (29. f4 $16 {Black must now prevent
Rxd8.} Nc4 30. e5) 29... Ra8 30. Ra1 Ra4 (30... Red8 $14) 31. Bf1 ({White should play} 31. f4 $16 Nc4 32. e5) 31... Rea8 32. Qe3 Nc4 33. Bxc4 Qxc4 34. Rd3 Rxb4 $2 {[%emt 0:04:23] This move
loses the game for Black.} (34... Re8 $16) 35. Rc1 $18 Qxe4 36. axb4 Qxb4 37. Rxc6 Ra1+ 38. Rc1 {[%emt 0:00:16] [#] White
threatens Rd8+ and mate.} Ra6 39. Rd8+ Kh7 40. Qd3+ {[%emt 0:00:08] Weighted Error Value: White=0.16 
(very precise) /Black=0.66} 1-0

[Event "44th Chess Olympiad Open 2022"]
[Site "Chennai"]
[Date "2022.07.29"]
[Round "1.66"]
[White "Dabuae, Thubalkain"]
[Black "Bastidas Rodriguez, Emilio"]
[Result "0-1"]
[WhiteElo "1941"]
[BlackElo "2351"]
[Annotator "ChessBase"]
[PlyCount "63"]
[EventDate "2022.??.??"]
[TimeControl "60"]

1. e4 c5 2. Nf3 e6 3. Nc3 a6 4. d4 cxd4 5. Nxd4 b5 6. a3 Bb7 7. Bd3 Qc7 8.
O-O Nf6 9. Re1 d6 10. Bg5 Nbd7 11. Rc1 Be7 12. Qe2 Rc8 13. Kh1 O-O 14. Nd1 Ne5 15. f3 Rfe8 16. Nf2 Nc4 17. Bxc4 Qxc4 18. Qxc4 Rxc4 19. c3 Ng4 20. Nxg4 Bxg5 21. Rcd1 Be7 22. Ne3 Rc7 23. Nec2 g5 24. Ra1 Rb8 25. h3 Bc8 26. Nb4 Bf6 27. e5 dxe5 28. Ndc6 Rb6 29. Nxe5 a5 30. Nc2 Rd6 31. Rad1 Rxd1 32. Nd4 0-1

[Event "44th Chess Olympiad Open 2022"]
[Site "Chennai"]
[Date "2022.07.29"]
[Round "1.66"]
[White "Taleka, Jed Selu"]
[Black "Esmeraldas Huachi, Anderson"]
[Result "0-1"]
[WhiteElo "1672"]
[BlackElo "2071"]
[Annotator "NA RC"]
[PlyCount "68"]
[EventDate "2022.??.??"]
[TimeControl "60"]

1. d4 d5 2. Nf3 Nf6 3. Bf4 e6 4. a3 Bd6 5. Bxd6 Qxd6 6. e3 O-O 7. Bd3 Nbd7 8. O-O e5 9. Nxe5 Nxe5 10. dxe5 Qxe5 11. Nc3 Ng4 12. g3 c6 13. Qd2 Qh5 14. f3 Ne5 15. Be2 Bh3 16. Rf2 Qh6 17. Re1 Rfe8 18.
f4 Ng4 19. Bxg4 Bxg4 20. Qd4 f5 21. h4 Re7 22. b4 a5 23. b5 Qd6 24. bxc6 bxc6 25. Rb1 Qxa3 26. Nxd5 Re4 27. Qd2 Rae8 28. Nc7 R8e7 29. Qd8+ Kf7 30. Rb3 Qc1+ 31. Kg2 Rxe3 32. Nd5 Bf3+ 33. Rxf3 Re2+ 34. Rf2 Rxf2+ 0-1

[Event "44th Chess Olympiad Open 2022"]
[Site "Chennai"]
[Date "2022.07.29"]
[Round "1.68"]
[White "Cawdery, Daniel"]
[Black "Ebosse Kingue Victor Patrick"]
[Result "1-0"]
[WhiteElo "2417"]
[BlackElo "2054"]
[Annotator "TA"]
[PlyCount "69"]
[EventDate "2022.??.??"]
[TimeControl "60"]

1. e4 c5 2. Nf3 d6 3. d4 cxd4 4. Nxd4 Nf6 5. Nc3 a6 6. Be3 e5 7. Nb3 Be6 8. f3 h5 9. Qd2 Nbd7 10. O-O-O Rc8 11. Kb1 {[%emt 0:02:17] B90: Sicilian Najdorf: Unusual White
6th moves, 6 Be3 Ng4 and 6 Be3 e5.} Qc7 12. Nd5 Bxd5 13. exd5 {[%emt 0:00:06] White is slightly better.}
Nb6 14. c4 $1 Be7 (14...
Nxc4 $2 15. Bxc4 Be7 16. Rc1 $18) 15. Rc1 O-O (15... Nbd7 $16) 16. Bd3 {[%emt 0:01:51] [#]} (16. Rg1 $18) 16... Rfe8 $146 ({Predecessor:} 16... Na4 17. Rhg1 Nc5 18. Nxc5 dxc5 19. h3 b5
20. g4 bxc4 21. Bxc4 h4 22. g5 Nh5 {1-0 (31) Senders,M (1895)-Mehra,R (1856)
Haarlem 2012}) 17. Bf5 {[%emt 0:15:46] This bishop pair is nice.} Ra8 (17... Nxc4 $2 18. Rxc4 (18. Qd3 g6 $16) 18... Qxc4 19. Rc1 Qxd5 20.
Bxc8 $18) 18. g4 (18. Qe2 $16) 18... g6 $2 (
18... Nxc4 $15 19. Qd3 b5) 19. g5 (19. Qb4 $6 Nbd7 20. g5 Nh7
21. Bxd7 Qxd7 $11) 19... Nfd7 20. Bd3 {[%emt 0:00:44] 0x0.
00249746790fdp-1022s more active pieces.} a5 21. Qc2 {[%emt 0:
00:00][%cal Yd3g6] Threatens to win with Bxg6!} Kg7 (21... a4
$2 22. Bxg6 $1 Nf8 23. Bxf7+ $1 (23. Bxb6 Qxb6 24. Bxf7+ Kxf7 $15) 23... Kxf7
24. g6+ Kg7 25. Qf5 $18) 22. f4 (22. Rhf1 $18) 22... a4 (22... exf4 $16 {keeps fighting.} 23. Bxf4 Ne5) 23. Nd2 $36 {
[%emt 0:00:16] Strongly threatening f5. White is on the roll.} exf4 24. Bxf4 ({Better is} 24. Bd4+ $1 $16 Ne5 25. h4)
24... Nc5 $14 25. Rhf1 {[%emt 0:01:45] aiming for Be3.} Bf8 26. Rf3 (26. b4 axb3 27. Nxb3 Nxb3 28. axb3
Kg8 $17) (26. Bg3 $14) 26... Kg8 (26... Nbd7 $11) 27. Be3 (27. Bg3 $1 $16) 27... Bg7 (27... Nxd3 $11 28.
Qxd3 Nd7) 28. Rcf1 (28. Bxc5 $16 dxc5 29. Rcf1) 28... Re7 $2 {
[%emt 0:03:17] [#]} (28... Nxd3 $11 29. Qxd3 Re7) 29. Bxc5 $2 (29. Bxg6 $1 $18 fxg6 30. Qxg6) 29... Qxc5 $16 30. Ne4 Qd4 (30... Rxe4 $142
31. Bxe4 Nxc4) 31. Nf6+ Kf8 32. a3 {[%emt 0:
06:06] Black must now prevent Rf4.} Rc8 33. Rf4 Qe5 (33... Qc5 $16 34. Ne4 (34. Bxg6 Nxc4 35. Ka2 Qb5 $14
) 34... Qc7) 34. Re4 $18 Qxg5 35. Nh7+ {
[%emt 0:00:02] Weighted Error Value: White=0.45/Black=0.63} 1-0

[Event "44th Chess Olympiad Open 2022"]
[Site "Chennai"]
[Date "2022.07.29"]
[Round "1.68"]
[White "Mhango, Banele"]
[Black "Zebaze Dongmo Loic Dylane"]
[Result "1-0"]
[WhiteElo "2238"]
[BlackElo "1837"]
[Annotator "ChessBase"]
[PlyCount "95"]
[EventDate "2022.??.??"]
[TimeControl "60"]

1. d4 d5 2. c4 e6 3. Nc3 a6 4. cxd5 exd5 5. Bf4 Nf6 6. e3 Bd6 7. Bg5 c6 8. Bd3 O-O 9. Qc2 h6 10. Bh4 Re8 11. Nge2 Bg4 12. O-O Nbd7 13. f3 Be6 14. h3 Nb6 15. Rad1 Be7 16. Bf2 Qc7 17. Ng3 Bd6 18. Nce2 Bd7 19. Nf5 Bxf5 20. Bxf5 Nh5 21. e4 Bh2+ 22. Kh1 Ng3+ 23. Bxg3 Bxg3 24. e5 Bh4 25. f4 Nc4 26. Qc3 Qa5 27. Qxa5 Nxa5 28. b3 g6 29. Bg4 h5 30. Bf3 b6 31. Rc1 Be7 32. Rc2 Rad8 33.
Rd1 Bb4 34. Nc1 Bf8 35. Be2 b5 36. Nd3 Kg7 37. f5 Kh7 38.
Rf1 Rd7 39. g4 hxg4 40. Bxg4 Ra7 41. Rcf2 g5 42. f6 Nb7 43. Bd7 Rd8 44. Bf5+ Kg8 45. Rg2 Bh6 46. h4 Kh8 47. hxg5 Bf8 48. Rf4 1-0

[Event "44th Chess Olympiad Open 2022"]
[Site "Chennai"]
[Date "2022.07.29"]
[Round "1.68"]
[White "Amba Oyon Marius Claude"]
[Black "Barrish, Daniel"]
[Result "0-1"]
[WhiteElo "1938"]
[BlackElo "2283"]
[Annotator "ChessBase"]
[PlyCount "91"]
[EventDate "2022.??.??"]
[TimeControl "60"]

1. e4 c6 2. d4 d5 3. c4 dxe4 4. Nc3 e5 5. d5 f5 6. f3 Nf6 7. Bg5 Bb4 8. Qb3 Qa5 9. Bd2 cxd5 10. cxd5 e3 11. Bxe3 Nxd5 12. Bd2 Nxc3 13. bxc3 Bc5 14. Bc4 Qb6 15. O-O-O Qxb3 16. axb3 Nc6 17. Nh3 h6 18. Rhe1 Ke7 19. Nf4 Kf6 20. Nd5+ Kg6 21. b4 Bd6 22. b5 Nd8 23. Kc2 Nf7 24. Be3 Be6 25.
Ne7+ Bxe7 26. Bxe6 Rhd8 27. Rxd8 Bxd8 28. Rd1 Bb6 29. Bxb6 axb6 30. Rd7 Rf8 31. Rxb7 Nd8 32. Rxb6 Rf6 33. Bxf5+ Kxf5 34. Rxf6+ gxf6 35. Kd3 Nb7 36. Kc4 Ke6 37. b6 Kd6 38. Kb5 f5 39. g4 e4 40. fxe4 fxe4 41. Kc4 Ke5 42. h4 Kf4 43. Kd4 e3 44. Kd3 Kf3 45.
g5 hxg5 46. Kd4 0-1

[Event "44th Chess Olympiad Open 2022"]
[Site "Chennai"]
[Date "2022.07.29"]
[Round "1.69"]
[White "Markov, Mikhail"]
[Black "Guterres, Cosme"]
[Result "1-0"]
[WhiteElo "2333"]
[BlackElo "1692"]
[Annotator "TA"]
[PlyCount "91"]
[EventDate "2022.??.??"]
[TimeControl "60"]

1. c4 c6 2. Nf3 e6 3. d4 Nf6 4. Nbd2 {[%emt 0:00:36] [#]} Be7 $146 ({Predecessor:} 4... d5 5. Qc2 Nbd7 6. e4 dxe4 7. Nxe4 Nxe4 8. Qxe4 Bb4+ 9.
Bd2 Bxd2+ 10. Nxd2 c5 11. Nb3 Nf6 12. Qe5 cxd4 13. Rd1 Qe7 14. c5 O-O 15. Bb5
Ng4 16. Qxd4 e5 17. Qc3 Be6 18. O-O Bxb3 19. Qxb3 Qxc5 {0-1 (45) De la Orden
Alcocer,A (1826)-Hernando Pertierra,J (2397) Tres Cantos 2011}) 5. e4 d6 (5... d5 $1 $11) 6. Bd3 {[%emt 0:01:29] E10:
Blumenfeld Gambit.} a6 7. Qe2 Qc7 8. b3 {[%emt 0:01:00] White is slightly better.} Nfd7 9. Bb2 f6 (9... c5 $14) 10.
e5 f5 (10... dxe5 $16 11. dxe5 f5) 11. exd6
$18 Qxd6 12. c5 Qc7 13. O-O {[%emt 0:02:07] aiming for Nc4.} (13. Qxe6 Nxc5 14. Qe2
Nxd3+ 15. Qxd3 Be6 $14) 13... Nf6 14. Ne5 ({
White should try} 14. Ng5 $18) 14... O-O $16 15. Bc4 {[%emt 0:
00:00] 0x0.0024b2df33d8dp-1022s more active pieces.} Nd5 16.
Ndf3 Bf6 17. Rfe1 Nd7 18. Nd3 Re8 19. Bxd5 cxd5 20. Bc1 Nf8 21. Bf4 Qd8 22.
Bd6 Bd7 23. a4 Ng6 24. b4 Rc8 25. Nde5 Bxe5 26. dxe5 Ra8 27. g3 {
[%emt 0:02:04] Prevents Nh4.} Bc6 (27... f4 {was necessary.}
28. Qd2 fxg3) 28. b5 Bd7 29. Nd4 f4 30. Qg4 Qa5 31. c6 ({Less strong is} 31. gxf4
axb5 32. h4 (32. axb5 Qxa1 33. Rxa1 Rxa1+ 34. Kg2 Rc1 $11) (32. Nxb5 Bxb5 33.
axb5 Qxa1 $11) 32... Qc3 $14) 31... bxc6 32. bxc6 Bc8 33. c7 Bd7 (33...
Qc3 {was called for.}) 34. Nb3 $18 Qc3 35.
Nc5 Bc8 36. Rac1 Qa5 37. Rb1 Qd2 $2 {[%emt 0:00:
59] [#]} (37... Ra7 38. gxf4 Rxc7) 38. Red1 Qc2 39. Rb8 fxg3 40. hxg3 Bd7 41. Nxd7 {[%emt 0:30:19] [#] Intending Qxe6+ and mate.}
Qf5 42. Qxf5 {[%emt 0:00:08] White mates.} exf5 43. Rxa8 Rxa8 44. Nb8 h6 45. c8=Q+ Kh7 46. Qb7 {
[%emt 0:00:02] Weighted Error Value: White=0.13 (very precise) /Black=0.51} 1-0